Predators vs Blackhawks
(R1)
Created - March 25, 2020 at 19:37
Goals
|
Predators |
0 |
1 |
1 |
1 |
3 |
Blackhawks |
0 |
1 |
1 |
0 |
2 |
|
Shots
|
Predators |
9 |
15 |
6 |
2 |
32 |
Blackhawks |
5 |
20 |
13 |
2 |
40 |
|
1st period
No Goal
Penalties :
Nathan Horton (Chi) for Interference (Minor) at 0:17, Joel Armia (Nas) for Tripping (Minor) at 2:58, Brendan Gallagher (Nas) for Hooking (Minor) at 4:43, Justin Abdelkader (Nas) for Hooking (Minor) at 15:32, Nik Antropov (Nas) for Interference (Minor) at 18:41
2nd period
1. Blackhawks , Derick Brassard 36 (Rick Nash 29) at 6:04 (PP)
2. Predators , Brendan Gallagher 25 (Mikael Granlund 41, Ryan Mcdonagh 22) at 8:52
Penalties :
Brendan Gallagher (Nas) for Roughing (Minor) at 2:36, Alexander Ovechkin (Nas) for Holding (Minor) at 5:19, Alexander Steen (Nas) for Slashing (Double Minor) at 17:55
3rd period
3. Predators , Ryan Kesler 15 (Ryan Murray 11) at 3:27
4. Blackhawks , Cody Hodgson 14 (Eric Brewer 1, Chris Kreider 28) at 8:10
Penalties :
Nate Schmidt (Nas) for Interference (Minor) at 1:01, Ryan Kesler (Nas) for Interference (Minor) at 9:53, Joel Armia (Nas) for Hooking (Minor) at 19:09
Overtime #1
5. Predators , Brendan Gallagher 26 (Alexander Edler 34, Andy Miele 13) at 1:24
Penalties :
No Penalty
Goalie Stats
Viktor Fasth (Nas), 38 saves from 40 shots - (0.950), W, 28-14-6, 61:24 minutes
Jimmy Howard (Chi), 29 saves from 32 shots - (0.906), OTL, 28-21-6, 61:24 minutes
Players Stats for Predators
Player Name G A P +/- PIM S H SB GA TA FO MP PP MP PK MP
------------------------------------------------------------------------------------
Alex Killorn 0 0 0 0 0 1 3 0 0 0 0/0 8:55 0:00 0:29
Alexander Edler 0 1 1 0 0 1 0 2 1 0 0/0 29:26 1:10 9:52
Alexander Ovechkin 0 0 0 2 2 5 0 0 1 0 6/13 23:54 0:49 8:50
Alexander Steen 0 0 0 0 4 3 3 0 1 0 1/1 13:54 1:10 1:47
Andy Miele 0 1 1 0 0 2 2 1 0 0 5/11 16:11 0:00 7:36
Brendan Gallagher 2 0 2 2 4 8 4 1 1 0 1/2 21:14 0:49 6:42
Denis Grebeshkov 0 0 0 1 0 1 1 1 1 0 0/0 9:33 0:00 0:39
Joel Armia 0 0 0 0 4 0 0 0 0 0 0/0 6:34 0:00 0:23
John Moore 0 0 0 1 0 1 2 2 1 0 0/0 21:37 0:49 8:33
Justin Abdelkader 0 0 0 0 2 1 1 0 0 1 1/1 11:16 0:00 3:56
Maxim Afinogenov 0 0 0 0 0 1 1 0 1 0 0/0 13:53 0:00 5:24
Mikael Granlund 0 1 1 1 0 2 0 1 0 0 10/21 14:57 1:10 0:54
Nate Schmidt 0 0 0 0 2 2 2 0 0 0 0/0 17:31 0:00 8:09
Niclas Bergfors 0 0 0 0 0 1 1 0 0 0 0/0 12:08 1:10 0:00
Nik Antropov 0 0 0 0 2 0 0 0 1 2 0/2 6:49 0:00 0:40
Ryan Kesler 1 0 1 0 2 3 3 0 0 0 3/8 11:57 0:49 0:00
Ryan Mcdonagh 0 1 1 0 0 0 0 1 0 1 0/0 29:51 1:10 9:52
Ryan Murray 0 1 1 2 0 0 1 0 0 0 0/0 15:10 0:49 1:52
Players Stats for Blackhawks
Player Name G A P +/- PIM S H SB GA TA FO MP PP MP PK MP
------------------------------------------------------------------------------------
Antoine Roussel 0 0 0 0 0 1 0 1 0 0 2/2 25:49 8:25 1:04
Brandon Yip 0 0 0 -2 0 0 0 0 0 0 0/1 9:23 0:52 0:00
Chris Kreider 0 1 1 0 0 6 2 1 0 0 0/1 22:13 8:58 0:55
Cody Hodgson 1 0 1 1 0 4 0 0 3 0 8/18 20:50 8:58 0:00
Derick Brassard 1 0 1 0 0 7 0 0 0 1 17/30 27:10 8:27 1:04
Eric Brewer 0 1 1 0 0 1 1 1 0 0 0/0 21:53 7:25 0:53
Erik Christensen 0 0 0 -1 0 1 1 1 0 0 1/2 10:06 0:46 0:00
Gabriel Bourque 0 0 0 -1 0 0 0 0 0 0 0/0 5:42 0:26 0:00
John Carlson 0 0 0 0 0 8 1 1 0 2 0/0 28:41 9:59 1:06
Justin Falk 0 0 0 -2 0 1 0 2 0 0 0/0 9:06 0:33 0:00
Kevin Marshall 0 0 0 0 0 0 0 0 0 0 0/0 2:56 0:56 0:00
Matthew Spiller 0 0 0 0 0 1 0 1 0 1 0/0 21:53 7:25 0:53
Mike Green 0 0 0 0 0 2 1 5 1 0 0/0 29:23 9:59 1:06
Nathan Horton 0 0 0 1 2 2 3 0 0 2 2/3 21:08 8:58 0:00
Rick Nash 0 1 1 -1 0 4 3 0 0 1 1/1 24:50 8:25 0:55
Scott Gomez 0 0 0 -1 0 1 0 0 0 0 1/1 4:49 0:00 0:00
Seth Jones 0 0 0 -2 0 0 0 0 0 1 0/0 8:56 0:23 0:00
Tomas Fleischmann 0 0 0 -1 0 1 1 0 0 0 0/0 8:48 0:45 0:00
3 Stars
1 - Brendan Gallagher (Nas)
2 - Viktor Fasth (Nas)
3 - Ryan Murray (Nas)
Power Play
Predators - 0 on 1 Attempt(s) - 0.00%
Blackhawks - 1 on 11 Attempt(s) - 9.09%
Penalty Kill
Predators - 10 on 11 Attempt(s) - 90.91%
- Score 0 goal in Penalty Kill
Blackhawks - 1 on 1 Attempt(s) - 100.00%
- Score 0 goal in Penalty Kill
Team Stat
Predators - Hits : 24 - Faceoff Wins : 27 - Blocked Shots : 9 - Penalty Minutes : 22
Blackhawks - Hits : 13 - Faceoff Wins : 32 - Blocked Shots : 13 - Penalty Minutes : 2
Official
Referees : Unknown
Linesman : Unknown
Game Notes
No Game Note
Finance
Level 1 -- Attendance: 5815 (96.92%) -- Ticket Income $564,055
Level 2 -- Attendance: 4942 (98.84%) -- Ticket Income $321,230
Level 3 -- Attendance: 2000 (100.00%) -- Ticket Income $80,000
Level 4 -- Attendance: 4000 (100.00%) -- Ticket Income $100,000
Luxury Box -- Attendance: 761 (76.10%) -- Ticket Income $143,068
Game was played at the Rexall Place.
Total Attendance: 17518 (97.32%)
Total Ticket Income: $1,208,353
Other Income: $181,253
Total Income: $1,389,606
Predators
5 vs 5 Forward
Center Left Wing Right Wing Time % Phy DF OF
1 Mikael Granlund Alexander Ovechkin Brendan Gallagher 40 1 1 3
2 Ryan Kesler Alexander Steen Niclas Bergfors 30 1 2 2
3 Andy Miele Alex Killorn Maxim Afinogenov 20 1 2 2
4 Nik Antropov Justin Abdelkader Joel Armia 10 1 2 2
5 vs 5 Defense
Defense Defense Time % Phy DF OF
1 Ryan Mcdonagh Alexander Edler 40 1 2 2
2 John Moore Ryan Murray 30 1 2 2
3 Nate Schmidt Denis Grebeshkov 20 1 2 2
4 Ryan Mcdonagh Alexander Edler 10 1 2 2
PowerPlay Forward
Center Left Wing Right Wing Time % Phy DF OF
1 Ryan Kesler Alexander Ovechkin Brendan Gallagher 60 1 1 3
2 Mikael Granlund Alexander Steen Niclas Bergfors 40 1 1 3
PowerPlay Defense
Defense Defense Time % Phy DF OF
1 Ryan Mcdonagh Alexander Edler 60 1 1 3
2 John Moore Ryan Murray 40 1 1 3
Penalty Kill 4 Players Forward
Center Wing Time % Phy DF OF
1 Alexander Ovechkin Brendan Gallagher 60 1 2 2
2 Andy Miele Maxim Afinogenov 40 1 2 2
Penalty Kill 4 Players Defense
Defense Defense Time % Phy DF OF
1 Ryan Mcdonagh Alexander Edler 60 1 3 1
2 John Moore Nate Schmidt 40 1 3 1
Penalty Kill - 3 Players Forward
Forward Time % Phy DF OF
1 Andy Miele 60 1 2 2
2 Alexander Ovechkin 40 1 2 2
Penalty Kill - 3 Players Defense
Defense Defense Time % Phy DF OF
1 Ryan Mcdonagh Alexander Edler 60 1 2 2
2 John Moore Nate Schmidt 40 1 2 2
4 vs 4 Forward
Center Wing Time % Phy DF OF
1 Alexander Ovechkin Brendan Gallagher 60 1 2 2
2 Niclas Bergfors Brendan Gallagher 40 1 2 2
4 vs 4 Defense
Defense Defense Time % Phy DF OF
1 Ryan Mcdonagh Alexander Edler 60 1 2 2
2 John Moore Denis Grebeshkov 40 1 2 2
Last Minutes Offensive
Center Left Wing Right Wing Defense Defense
Ryan Kesler Alexander Ovechkin Niclas Bergfors Ryan Mcdonagh Alexander Edler
Last Minutes Defensive
Center Left Wing Right Wing Defense Defense
Ryan Kesler Alexander Ovechkin Andy Miele Ryan Mcdonagh John Moore
Goaltenders
Starting : Viktor Fasth
Backup : Anders Lindback
Extra Forwards
Normal : Justin Abdelkader, Andy Miele, Maxim Afinogenov - PP : Justin Abdelkader, Andy Miele - PK : Justin Abdelkader
Extra Defensemen
Normal : Ryan Murray, Nate Schmidt, Denis Grebeshkov - PP : Denis Grebeshkov - PK : Ryan Murray, Nate Schmidt
Penalty Shots
Alexander Ovechkin, Niclas Bergfors, Ryan Kesler, Mikael Granlund, Maxim Afinogenov
Scratches
Byron Bitz (Broken Bone (Right Arm) Injury), Dmitri Kalinin (Healthy)
Blackhawks
5 vs 5 Forward
Center Left Wing Right Wing Time % Phy DF OF
1 Derick Brassard Antoine Roussel Rick Nash 40 1 2 2
2 Cody Hodgson Chris Kreider Nathan Horton 30 1 2 2
3 Erik Christensen Tomas Fleischmann Brandon Yip 20 1 2 2
4 Scott Gomez Gabriel Bourque Derick Brassard 10 1 2 2
5 vs 5 Defense
Defense Defense Time % Phy DF OF
1 Mike Green John Carlson 40 1 2 2
2 Matthew Spiller Eric Brewer 30 1 2 2
3 Justin Falk Seth Jones 20 1 2 2
4 Kevin Marshall Mike Green 10 1 2 2
PowerPlay Forward
Center Left Wing Right Wing Time % Phy DF OF
1 Derick Brassard Antoine Roussel Rick Nash 60 1 2 2
2 Cody Hodgson Chris Kreider Nathan Horton 40 1 2 2
PowerPlay Defense
Defense Defense Time % Phy DF OF
1 Mike Green John Carlson 60 1 2 2
2 Matthew Spiller Eric Brewer 40 1 2 2
Penalty Kill 4 Players Forward
Center Wing Time % Phy DF OF
1 Derick Brassard Antoine Roussel 60 1 2 2
2 Chris Kreider Rick Nash 40 1 2 2
Penalty Kill 4 Players Defense
Defense Defense Time % Phy DF OF
1 Mike Green John Carlson 60 1 2 2
2 Matthew Spiller Eric Brewer 40 1 2 2
Penalty Kill - 3 Players Forward
Forward Time % Phy DF OF
1 Derick Brassard 60 1 2 2
2 Antoine Roussel 40 1 2 2
Penalty Kill - 3 Players Defense
Defense Defense Time % Phy DF OF
1 Mike Green John Carlson 60 1 2 2
2 Matthew Spiller Eric Brewer 40 1 2 2
4 vs 4 Forward
Center Wing Time % Phy DF OF
1 Derick Brassard Antoine Roussel 60 1 2 2
2 Chris Kreider Rick Nash 40 1 2 2
4 vs 4 Defense
Defense Defense Time % Phy DF OF
1 Mike Green John Carlson 60 1 2 2
2 Matthew Spiller Eric Brewer 40 1 2 2
Last Minutes Offensive
Center Left Wing Right Wing Defense Defense
Derick Brassard Antoine Roussel Rick Nash Mike Green John Carlson
Last Minutes Defensive
Center Left Wing Right Wing Defense Defense
Derick Brassard Antoine Roussel Rick Nash Mike Green John Carlson
Goaltenders
Starting : Jimmy Howard
Backup : Ray Emery
Extra Forwards
Normal : Tomas Fleischmann, Erik Christensen, Brandon Yip - PP : Tomas Fleischmann, Erik Christensen - PK : Brandon Yip
Extra Defensemen
Normal : Justin Falk, Seth Jones, Kevin Marshall - PP : Justin Falk - PK : Seth Jones, Kevin Marshall
Penalty Shots
Derick Brassard, Antoine Roussel, Chris Kreider, Rick Nash, Cody Hodgson
Scratches
David Jones (Healthy)
% Time on Ice - Predators
Lines # - Real PCT - Wanted PCT - Time Play
Normal Forward
1 - 36% - 40% - 14:07
2 - 28% - 30% - 11:01
3 - 21% - 20% - 8:26
4 - 15% - 10% - 6:07
Normal Defense
1 - 44% - 40% - 17:36
2 - 34% - 30% - 13:27
3 - 21% - 20% - 8:13
4 - 1% - 10% - 0:25
PP Forward
1 - 41% - 60% - 0:49
2 - 59% - 40% - 1:10
PP Defense
1 - 59% - 60% - 1:10
2 - 41% - 40% - 0:49
PK Forward
1 - 63% - 60% - 10:46
2 - 37% - 40% - 6:27
PK Defense
1 - 46% - 60% - 7:54
2 - 54% - 40% - 9:19
PK3 Forward
1 - 85% - 60% - 1:56
2 - 15% - 40% - 0:20
PK3 Defense
1 - 78% - 60% - 1:46
2 - 22% - 40% - 0:30
44 Forward
1 - 100% - 60% - 0:15
2 - 0% - 40% - 0:00
44 Defense
1 - 100% - 60% - 0:15
2 - 0% - 40% - 0:00
Last Minute Offensive - 0:00
Last Minute Defensive - 0:00
Total
Forward - 61:24
Defense - 61:24
|
% Time on Ice - Blackhawks
Lines # - Real PCT - Wanted PCT - Time Play
Normal Forward
1 - 40% - 40% - 15:51
2 - 33% - 30% - 13:03
3 - 15% - 20% - 5:58
4 - 12% - 10% - 4:49
Normal Defense
1 - 43% - 40% - 16:54
2 - 32% - 30% - 12:53
3 - 22% - 20% - 8:33
4 - 3% - 10% - 1:21
PP Forward
1 - 47% - 60% - 8:33
2 - 53% - 40% - 9:47
PP Defense
1 - 54% - 60% - 9:59
2 - 46% - 40% - 8:21
PK Forward
1 - 54% - 60% - 1:04
2 - 46% - 40% - 0:55
PK Defense
1 - 55% - 60% - 1:06
2 - 45% - 40% - 0:53
PK3 Forward
1 - 0% - 60%
2 - 0% - 40%
PK3 Defense
1 - 0% - 60%
2 - 0% - 40%
44 Forward
1 - 70% - 60% - 0:59
2 - 30% - 40% - 0:25
44 Defense
1 - 50% - 60% - 0:42
2 - 50% - 40% - 0:42
Last Minute Offensive - 0:00
Last Minute Defensive - 0:00
Total
Forward - 61:24
Defense - 61:24
|
Play-by-Play
1st period
0:01 of 1st period - Derick Brassard wins face-off versus Mikael Granlund in neutral zone.
0:14 of 1st period - Snap shot by Alexander Ovechkin.
0:14 of 1st period - Stopped by Jimmy Howard without a rebound.
0:15 of 1st period - Cody Hodgson wins face-off versus Ryan Kesler in Blackhawks zone.
0:17 of 1st period - Minor Penalty to Nathan Horton for Interference.
0:18 of 1st period - Derick Brassard wins face-off versus Brendan Gallagher in Blackhawks zone.
0:48 of 1st period - Wrist shot by Alexander Steen.
0:48 of 1st period - Shot Blocked by Mike Green.
0:50 of 1st period - Slapshot by John Moore.
0:50 of 1st period - Deflect By Mikael Granlund.
0:50 of 1st period - Shot Blocked by Mike Green.
0:50 of 1st period - Puck is out of play.
0:51 of 1st period - Mikael Granlund wins face-off versus Chris Kreider in Blackhawks zone.
0:56 of 1st period - Snap shot by Mikael Granlund.
0:56 of 1st period - Shot Misses the Net.
0:58 of 1st period - Slapshot by Niclas Bergfors.
0:58 of 1st period - Shot Hit the Post.
1:28 of 1st period - Snap shot by Niclas Bergfors.
1:28 of 1st period - Shot Blocked by Chris Kreider.
1:30 of 1st period - Wrist shot by John Moore.
1:30 of 1st period - Stopped by Jimmy Howard without a rebound.
1:31 of 1st period - Derick Brassard wins face-off versus Ryan Kesler in Blackhawks zone.
2:17 of 1st period - Penalty to Nathan Horton is over, Nathan Horton is back on ice.
2:58 of 1st period - Minor Penalty to Joel Armia for Tripping.
2:59 of 1st period - Cody Hodgson wins face-off versus Alexander Ovechkin in Predators zone.
3:00 of 1st period - Wrist shot by John Carlson.
3:00 of 1st period - Stopped by Viktor Fasth without a rebound.
3:01 of 1st period - Brendan Gallagher wins face-off versus Cody Hodgson in Predators zone.
3:10 of 1st period - Brendan Gallagher is hit by Nathan Horton and loses puck.
3:17 of 1st period - Wrist shot by Brendan Gallagher.
3:17 of 1st period - Stopped by Jimmy Howard with a rebound.
3:35 of 1st period - Wrist shot by Derick Brassard.
3:35 of 1st period - Shot Misses the Net.
3:37 of 1st period - Snap shot by Antoine Roussel.
3:37 of 1st period - Stopped by Viktor Fasth with a rebound.
3:39 of 1st period - Snap shot by John Carlson.
3:39 of 1st period - Deflect By Derick Brassard.
3:39 of 1st period - Shot Misses the Net.
3:39 of 1st period - Puck is out of play.
3:40 of 1st period - Derick Brassard wins face-off versus Alexander Ovechkin in Predators zone.
4:11 of 1st period - Snap shot by Cody Hodgson.
4:11 of 1st period - Stopped by Viktor Fasth with a rebound.
4:43 of 1st period - Minor Penalty to Brendan Gallagher for Hooking.
4:44 of 1st period - Andy Miele wins face-off versus Derick Brassard in Predators zone.
4:58 of 1st period - Penalty to Joel Armia is over, Joel Armia is back on ice.
5:10 of 1st period - Andy Miele is hit by Chris Kreider and loses puck.
5:36 of 1st period - Icing by Derick Brassard.
5:37 of 1st period - Derick Brassard wins face-off versus Alexander Ovechkin in Blackhawks zone.
5:59 of 1st period - Cody Hodgson is hit by Andy Miele and loses puck.
6:43 of 1st period - Penalty to Brendan Gallagher is over, Brendan Gallagher is back on ice.
7:25 of 1st period - Nate Schmidt is hit by Chris Kreider and loses puck.
7:38 of 1st period - Eric Brewer is hit by Ryan Kesler and loses puck.
8:16 of 1st period - John Carlson is hit by John Moore and loses puck.
9:01 of 1st period - Wrist shot by Andy Miele.
9:01 of 1st period - Shot Blocked by Justin Falk.
10:41 of 1st period - Cody Hodgson is hit by Justin Abdelkader and loses puck.
11:53 of 1st period - Rick Nash is hit by Denis Grebeshkov and loses puck.
12:22 of 1st period - Snap shot by Alexander Steen.
12:22 of 1st period - Stopped by Jimmy Howard without a rebound.
12:23 of 1st period - Scott Gomez wins face-off versus Ryan Kesler in Blackhawks zone.
12:23 of 1st period - Scott Gomez is hit by John Moore.
12:31 of 1st period - Backhand shot by Scott Gomez.
12:31 of 1st period - Stopped by Viktor Fasth with a rebound.
12:39 of 1st period - Gabriel Bourque is hit by Ryan Kesler and loses puck.
12:46 of 1st period - Snap shot by Niclas Bergfors.
12:46 of 1st period - Shot Misses the Net.
12:48 of 1st period - Snap shot by John Moore.
12:48 of 1st period - Shot Blocked by Justin Falk.
12:50 of 1st period - Snap shot by Denis Grebeshkov.
12:50 of 1st period - Deflect By Seth Jones.
12:50 of 1st period - Stopped by Jimmy Howard with a rebound.
12:52 of 1st period - Slapshot by Ryan Kesler.
12:52 of 1st period - Shot Misses the Net.
13:12 of 1st period - Erik Christensen is hit by Niclas Bergfors and loses puck.
13:23 of 1st period - Justin Falk is hit by Nate Schmidt and loses puck.
13:30 of 1st period - Wrist shot by Ryan Kesler.
13:30 of 1st period - Stopped by Jimmy Howard without a rebound.
13:31 of 1st period - Mikael Granlund wins face-off versus Derick Brassard in Blackhawks zone.
13:34 of 1st period - Snap shot by Brendan Gallagher.
13:34 of 1st period - Stopped by Jimmy Howard with a rebound.
13:40 of 1st period - Wrist shot by Alexander Ovechkin.
13:40 of 1st period - Shot Misses the Net.
13:45 of 1st period - Off-side.
13:46 of 1st period - Nathan Horton wins face-off versus Mikael Granlund in neutral zone.
13:59 of 1st period - Snap shot by Brendan Gallagher.
13:59 of 1st period - Shot Blocked by John Carlson.
14:01 of 1st period - Slapshot by Nate Schmidt.
14:01 of 1st period - Stopped by Jimmy Howard without a rebound.
14:02 of 1st period - Derick Brassard wins face-off versus Andy Miele in Blackhawks zone.
14:06 of 1st period - Mike Green is hit by Andy Miele and loses puck.
15:09 of 1st period - Snap shot by Justin Abdelkader.
15:09 of 1st period - Deflect By John Carlson.
15:09 of 1st period - Stopped by Jimmy Howard without a rebound.
15:10 of 1st period - Rick Nash wins face-off versus Nik Antropov in Blackhawks zone.
15:10 of 1st period - Rick Nash is hit by Nate Schmidt.
15:32 of 1st period - Minor Penalty to Justin Abdelkader for Hooking.
15:33 of 1st period - Derick Brassard wins face-off versus Alexander Ovechkin in Predators zone.
15:50 of 1st period - Slapshot by John Carlson.
15:50 of 1st period - Shot Misses the Net.
17:32 of 1st period - Penalty to Justin Abdelkader is over, Justin Abdelkader is back on ice.
17:45 of 1st period - Tomas Fleischmann is hit by Brendan Gallagher and loses puck.
18:41 of 1st period - Minor Penalty to Nik Antropov for Interference.
18:42 of 1st period - Alexander Ovechkin wins face-off versus Derick Brassard in Predators zone.
19:03 of 1st period - Snap shot by Cody Hodgson.
19:03 of 1st period - Stopped by Viktor Fasth with a rebound.
19:05 of 1st period - Wrist shot by Nathan Horton.
19:05 of 1st period - Shot Misses the Net.
Goals for this period are 0 for Predators vs 0 for Blackhawks.
Shots for this period are 9 for Predators vs 5 for Blackhawks.
2nd period
0:01 of 2nd period - Alexander Ovechkin wins face-off versus Derick Brassard in neutral zone.
0:08 of 2nd period - Snap shot by Brendan Gallagher.
0:08 of 2nd period - Stopped by Jimmy Howard with a rebound.
0:12 of 2nd period - Snap shot by Alexander Ovechkin.
0:12 of 2nd period - Shot Blocked by Mike Green.
0:14 of 2nd period - Slapshot by Alexander Edler.
0:14 of 2nd period - Stopped by Jimmy Howard without a rebound.
0:15 of 2nd period - Derick Brassard wins face-off versus Alexander Ovechkin in Blackhawks zone.
0:41 of 2nd period - Penalty to Nik Antropov is over, Nik Antropov is back on ice.
0:43 of 2nd period - Off-side.
0:44 of 2nd period - Ryan Kesler wins face-off versus Cody Hodgson in neutral zone.
0:47 of 2nd period - Matthew Spiller is hit by Alexander Steen and loses puck.
0:53 of 2nd period - Icing by Cody Hodgson.
0:54 of 2nd period - Cody Hodgson wins face-off versus Ryan Kesler in Blackhawks zone.
0:54 of 2nd period - Cody Hodgson is hit by Ryan Kesler.
1:08 of 2nd period - Slapshot by Alexander Steen.
1:08 of 2nd period - Stopped by Jimmy Howard with a rebound.
1:10 of 2nd period - Slapshot by Nate Schmidt.
1:10 of 2nd period - Deflect By Chris Kreider.
1:10 of 2nd period - Stopped by Jimmy Howard without a rebound.
1:11 of 2nd period - Mikael Granlund wins face-off versus Derick Brassard in Blackhawks zone.
1:20 of 2nd period - Wrist shot by Alexander Ovechkin.
1:20 of 2nd period - Shot Misses the Net.
1:37 of 2nd period - Antoine Roussel is hit by Maxim Afinogenov and loses puck.
1:54 of 2nd period - Maxim Afinogenov is hit by Rick Nash and loses puck.
2:07 of 2nd period - Snap shot by Derick Brassard.
2:07 of 2nd period - Stopped by Viktor Fasth with a rebound.
2:09 of 2nd period - Snap shot by Rick Nash.
2:09 of 2nd period - Shot Misses the Net.
2:11 of 2nd period - Snap shot by Derick Brassard.
2:11 of 2nd period - Stopped by Viktor Fasth with a rebound.
2:13 of 2nd period - Slapshot by Justin Falk.
2:13 of 2nd period - Stopped by Viktor Fasth with a rebound.
2:15 of 2nd period - Snap shot by Antoine Roussel.
2:15 of 2nd period - Shot Blocked by Andy Miele.
2:21 of 2nd period - Wrist shot by Rick Nash.
2:21 of 2nd period - Shot Misses the Net.
2:25 of 2nd period - Snap shot by Derick Brassard.
2:25 of 2nd period - Stopped by Viktor Fasth with a rebound.
2:27 of 2nd period - Slapshot by Mike Green.
2:27 of 2nd period - Stopped by Viktor Fasth without a rebound.
2:28 of 2nd period - Cody Hodgson wins face-off versus Mikael Granlund in Predators zone.
2:36 of 2nd period - Minor Penalty to Brendan Gallagher for Roughing.
2:37 of 2nd period - Cody Hodgson wins face-off versus Alexander Ovechkin in Predators zone.
2:39 of 2nd period - Slapshot by John Carlson.
2:39 of 2nd period - Deflect By Chris Kreider.
2:39 of 2nd period - Stopped by Viktor Fasth without a rebound.
2:40 of 2nd period - Alexander Ovechkin wins face-off versus Cody Hodgson in Predators zone.
4:11 of 2nd period - Chris Kreider is hit by Alexander Steen.
4:36 of 2nd period - Penalty to Brendan Gallagher is over, Brendan Gallagher is back on ice.
4:39 of 2nd period - Rick Nash is hit by Ryan Murray and loses puck.
4:44 of 2nd period - Slapshot by Alex Killorn.
4:44 of 2nd period - Deflect By Andy Miele.
4:44 of 2nd period - Stopped by Jimmy Howard without a rebound.
4:45 of 2nd period - Erik Christensen wins face-off versus Andy Miele in Blackhawks zone.
4:56 of 2nd period - Snap shot by Andy Miele.
4:56 of 2nd period - Shot Misses the Net.
4:58 of 2nd period - Slapshot by Alex Killorn.
4:58 of 2nd period - Shot Blocked by Erik Christensen.
5:02 of 2nd period - Snap shot by Alex Killorn.
5:02 of 2nd period - Stopped by Jimmy Howard without a rebound.
5:03 of 2nd period - Mikael Granlund wins face-off versus Derick Brassard in Blackhawks zone.
5:06 of 2nd period - Wrist shot by Alexander Ovechkin.
5:06 of 2nd period - Shot Blocked by Mike Green.
5:14 of 2nd period - Slapshot by Brendan Gallagher.
5:14 of 2nd period - Stopped by Jimmy Howard with a rebound.
5:19 of 2nd period - Minor Penalty to Alexander Ovechkin for Holding.
5:20 of 2nd period - Justin Abdelkader wins face-off versus Derick Brassard in Predators zone.
5:54 of 2nd period - Snap shot by Chris Kreider.
5:54 of 2nd period - Shot Misses the Net.
5:56 of 2nd period - Snap shot by Chris Kreider.
5:56 of 2nd period - Stopped by Viktor Fasth without a rebound.
5:57 of 2nd period - Derick Brassard wins face-off versus Andy Miele in Predators zone.
6:04 of 2nd period - Slapshot by Derick Brassard.
6:04 of 2nd period - Goal by Derick Brassard - Predators : 0 - Blackhawks : 1.
6:05 of 2nd period - Derick Brassard wins face-off versus Mikael Granlund in neutral zone.
8:18 of 2nd period - Slapshot by Eric Brewer.
8:18 of 2nd period - Shot Blocked by Denis Grebeshkov.
8:50 of 2nd period - Snap shot by Mikael Granlund.
8:50 of 2nd period - Stopped by Jimmy Howard with a rebound.
8:52 of 2nd period - Snap shot by Brendan Gallagher.
8:52 of 2nd period - Goal by Brendan Gallagher - Predators : 1 - Blackhawks : 1.
8:53 of 2nd period - Mikael Granlund wins face-off versus Derick Brassard in neutral zone.
9:00 of 2nd period - Snap shot by Mikael Granlund.
9:00 of 2nd period - Shot Misses the Net.
9:02 of 2nd period - Snap shot by Alexander Edler.
9:02 of 2nd period - Shot Blocked by Matthew Spiller.
9:04 of 2nd period - Slapshot by Alexander Ovechkin.
9:04 of 2nd period - Stopped by Jimmy Howard with a rebound.
9:06 of 2nd period - Snap shot by Mikael Granlund.
9:06 of 2nd period - Shot Blocked by Eric Brewer.
9:08 of 2nd period - Slapshot by Alexander Ovechkin.
9:08 of 2nd period - Shot Blocked by Antoine Roussel.
9:10 of 2nd period - Slapshot by Mikael Granlund.
9:10 of 2nd period - Stopped by Jimmy Howard without a rebound.
9:11 of 2nd period - Alexander Steen wins face-off versus Cody Hodgson in Blackhawks zone.
9:20 of 2nd period - Snap shot by Niclas Bergfors.
9:20 of 2nd period - Shot Misses the Net.
9:25 of 2nd period - Icing by Cody Hodgson.
9:26 of 2nd period - Mikael Granlund wins face-off versus Cody Hodgson in Blackhawks zone.
9:53 of 2nd period - Chris Kreider is hit by Alex Killorn and loses puck.
10:04 of 2nd period - Snap shot by John Carlson.
10:04 of 2nd period - Deflect By Chris Kreider.
10:04 of 2nd period - Stopped by Viktor Fasth with a rebound.
10:22 of 2nd period - Wrist shot by Alexander Steen.
10:22 of 2nd period - Stopped by Jimmy Howard without a rebound.
10:23 of 2nd period - Antoine Roussel wins face-off versus Mikael Granlund in Blackhawks zone.
10:50 of 2nd period - Slapshot by Rick Nash.
10:50 of 2nd period - Shot Blocked by John Moore.
11:32 of 2nd period - Niclas Bergfors is hit by Rick Nash and loses puck.
11:57 of 2nd period - Snap shot by Ryan Kesler.
11:57 of 2nd period - Stopped by Jimmy Howard without a rebound.
11:58 of 2nd period - Alexander Ovechkin wins face-off versus Cody Hodgson in Blackhawks zone.
12:03 of 2nd period - Wrist shot by Alexander Ovechkin.
12:03 of 2nd period - Stopped by Jimmy Howard without a rebound.
12:04 of 2nd period - Cody Hodgson wins face-off versus Mikael Granlund in Blackhawks zone.
12:09 of 2nd period - Brendan Gallagher is hit by Nathan Horton and loses puck.
12:37 of 2nd period - Slapshot by John Carlson.
12:37 of 2nd period - Stopped by Viktor Fasth with a rebound.
12:39 of 2nd period - Slapshot by Mike Green.
12:39 of 2nd period - Shot Misses the Net.
12:41 of 2nd period - Snap shot by Brandon Yip.
12:41 of 2nd period - Deflect By Erik Christensen.
12:41 of 2nd period - Stopped by Viktor Fasth without a rebound.
12:42 of 2nd period - Cody Hodgson wins face-off versus Mikael Granlund in Predators zone.
12:43 of 2nd period - Wrist shot by Chris Kreider.
12:43 of 2nd period - Shot Misses the Net.
12:45 of 2nd period - Wrist shot by Nathan Horton.
12:45 of 2nd period - Deflect By Chris Kreider.
12:45 of 2nd period - Stopped by Viktor Fasth without a rebound.
12:46 of 2nd period - Mikael Granlund wins face-off versus Nathan Horton in Predators zone.
12:46 of 2nd period - Mikael Granlund is hit by Eric Brewer.
14:00 of 2nd period - Slapshot by Alexander Edler.
14:00 of 2nd period - Shot Misses the Net.
14:03 of 2nd period - Icing by Matthew Spiller.
14:04 of 2nd period - Antoine Roussel wins face-off versus Mikael Granlund in Blackhawks zone.
14:04 of 2nd period - Antoine Roussel is hit by Brendan Gallagher.
14:12 of 2nd period - Brendan Gallagher is hit by Rick Nash and loses puck.
14:23 of 2nd period - Backhand shot by Rick Nash.
14:23 of 2nd period - Deflect By Mikael Granlund.
14:23 of 2nd period - Stopped by Viktor Fasth without a rebound.
14:24 of 2nd period - Ryan Kesler wins face-off versus Erik Christensen in Predators zone.
14:31 of 2nd period - Slapshot by John Carlson.
14:31 of 2nd period - Stopped by Viktor Fasth with a rebound.
14:33 of 2nd period - Snap shot by Erik Christensen.
14:33 of 2nd period - Shot Blocked by Alexander Edler.
14:35 of 2nd period - Slapshot by John Carlson.
14:35 of 2nd period - Deflect By Brandon Yip.
14:35 of 2nd period - Shot Blocked by Alexander Edler.
14:35 of 2nd period - Puck is out of play.
14:36 of 2nd period - Derick Brassard wins face-off versus Mikael Granlund in Predators zone.
14:39 of 2nd period - Wrist shot by Antoine Roussel.
14:39 of 2nd period - Deflect By Rick Nash.
14:39 of 2nd period - Shot Misses the Net.
14:39 of 2nd period - Puck is out of play.
14:40 of 2nd period - Mikael Granlund wins face-off versus Derick Brassard in Predators zone.
14:49 of 2nd period - Wrist shot by Brendan Gallagher.
14:49 of 2nd period - Stopped by Jimmy Howard with a rebound.
15:46 of 2nd period - Snap shot by Derick Brassard.
15:46 of 2nd period - Shot Blocked by Brendan Gallagher.
15:48 of 2nd period - Slapshot by Mike Green.
15:48 of 2nd period - Shot Misses the Net.
15:50 of 2nd period - Snap shot by Rick Nash.
15:50 of 2nd period - Stopped by Viktor Fasth with a rebound.
15:52 of 2nd period - Snap shot by Derick Brassard.
15:52 of 2nd period - Stopped by Viktor Fasth with a rebound.
15:54 of 2nd period - Slapshot by John Carlson.
15:54 of 2nd period - Shot Blocked by Mikael Granlund.
15:56 of 2nd period - Snap shot by Antoine Roussel.
15:56 of 2nd period - Shot Misses the Net.
16:00 of 2nd period - Wrist shot by Antoine Roussel.
16:00 of 2nd period - Shot Misses the Net.
16:02 of 2nd period - Wrist shot by John Carlson.
16:02 of 2nd period - Stopped by Viktor Fasth with a rebound.
16:12 of 2nd period - Snap shot by John Carlson.
16:12 of 2nd period - Stopped by Viktor Fasth with a rebound.
16:14 of 2nd period - Snap shot by Antoine Roussel.
16:14 of 2nd period - Shot Misses the Net.
16:44 of 2nd period - Snap shot by Ryan Mcdonagh.
16:44 of 2nd period - Shot Blocked by Mike Green.
17:30 of 2nd period - Snap shot by Rick Nash.
17:30 of 2nd period - Shot Misses the Net.
17:32 of 2nd period - Snap shot by Derick Brassard.
17:32 of 2nd period - Shot Misses the Net.
17:42 of 2nd period - Snap shot by Rick Nash.
17:42 of 2nd period - Stopped by Viktor Fasth without a rebound.
17:43 of 2nd period - Ryan Kesler wins face-off versus Cody Hodgson in Predators zone.
17:48 of 2nd period - Wrist shot by Chris Kreider.
17:48 of 2nd period - Shot Blocked by John Moore.
17:50 of 2nd period - Slapshot by Eric Brewer.
17:50 of 2nd period - Stopped by Viktor Fasth with a rebound.
17:55 of 2nd period - Double Minor Penalty to Alexander Steen for Slashing.
17:56 of 2nd period - Andy Miele wins face-off versus Cody Hodgson in Predators zone.
18:50 of 2nd period - Ryan Murray is hit by Erik Christensen and loses puck.
Goals for this period are 1 for Predators vs 1 for Blackhawks.
Shots for this period are 15 for Predators vs 20 for Blackhawks.
3rd period
0:01 of 3rd period - Alexander Ovechkin wins face-off versus Derick Brassard in neutral zone.
0:10 of 3rd period - Snap shot by Alexander Ovechkin.
0:10 of 3rd period - Stopped by Jimmy Howard with a rebound.
0:32 of 3rd period - Slapshot by John Carlson.
0:32 of 3rd period - Deflect By Ryan Mcdonagh.
0:32 of 3rd period - Stopped by Viktor Fasth with a rebound.
0:34 of 3rd period - Slapshot by John Carlson.
0:34 of 3rd period - Stopped by Viktor Fasth with a rebound.
1:01 of 3rd period - Minor Penalty to Nate Schmidt for Interference.
1:02 of 3rd period - Derick Brassard wins face-off versus Andy Miele in Predators zone.
1:32 of 3rd period - Snap shot by Nathan Horton.
1:32 of 3rd period - Stopped by Viktor Fasth with a rebound.
1:55 of 3rd period - Penalty to Alexander Steen is over, Alexander Steen is back on ice.
3:01 of 3rd period - Penalty to Nate Schmidt is over, Nate Schmidt is back on ice.
3:27 of 3rd period - Snap shot by Ryan Kesler.
3:27 of 3rd period - Goal by Ryan Kesler - Predators : 2 - Blackhawks : 1.
3:28 of 3rd period - Cody Hodgson wins face-off versus Ryan Kesler in neutral zone.
4:17 of 3rd period - Wrist shot by Tomas Fleischmann.
4:17 of 3rd period - Stopped by Viktor Fasth with a rebound.
4:43 of 3rd period - Slapshot by John Carlson.
4:43 of 3rd period - Stopped by Viktor Fasth without a rebound.
4:44 of 3rd period - Nathan Horton wins face-off versus Nik Antropov in Predators zone.
5:48 of 3rd period - Wrist shot by Cody Hodgson.
5:48 of 3rd period - Shot Blocked by Ryan Mcdonagh.
5:50 of 3rd period - Slapshot by Cody Hodgson.
5:50 of 3rd period - Shot Misses the Net.
5:52 of 3rd period - Slapshot by Chris Kreider.
5:52 of 3rd period - Stopped by Viktor Fasth with a rebound.
5:54 of 3rd period - Slapshot by Matthew Spiller.
5:54 of 3rd period - Stopped by Viktor Fasth with a rebound.
5:56 of 3rd period - Wrist shot by Cody Hodgson.
5:56 of 3rd period - Shot Misses the Net.
5:58 of 3rd period - Snap shot by Chris Kreider.
5:58 of 3rd period - Stopped by Viktor Fasth without a rebound.
5:59 of 3rd period - Mikael Granlund wins face-off versus Derick Brassard in Predators zone.
6:36 of 3rd period - Snap shot by Tomas Fleischmann.
6:36 of 3rd period - Shot Misses the Net.
6:52 of 3rd period - Derick Brassard is hit by Alex Killorn and loses puck.
7:25 of 3rd period - Icing by Mike Green.
7:26 of 3rd period - Andy Miele wins face-off versus Brandon Yip in Blackhawks zone.
7:27 of 3rd period - Snap shot by Maxim Afinogenov.
7:27 of 3rd period - Stopped by Jimmy Howard without a rebound.
7:28 of 3rd period - Andy Miele wins face-off versus Cody Hodgson in Blackhawks zone.
8:06 of 3rd period - Wrist shot by Cody Hodgson.
8:06 of 3rd period - Stopped by Viktor Fasth with a rebound.
8:08 of 3rd period - Slapshot by Eric Brewer.
8:08 of 3rd period - Shot Hit the Post.
8:10 of 3rd period - Slapshot by Cody Hodgson.
8:10 of 3rd period - Goal by Cody Hodgson - Predators : 2 - Blackhawks : 2.
8:11 of 3rd period - Derick Brassard wins face-off versus Mikael Granlund in neutral zone.
8:22 of 3rd period - Wrist shot by Derick Brassard.
8:22 of 3rd period - Stopped by Viktor Fasth without a rebound.
8:23 of 3rd period - Derick Brassard wins face-off versus Mikael Granlund in Predators zone.
8:50 of 3rd period - Snap shot by Andy Miele.
8:50 of 3rd period - Stopped by Jimmy Howard without a rebound.
8:51 of 3rd period - Andy Miele wins face-off versus Cody Hodgson in Blackhawks zone.
9:08 of 3rd period - Snap shot by Chris Kreider.
9:08 of 3rd period - Deflect By Nathan Horton.
9:08 of 3rd period - Stopped by Viktor Fasth without a rebound.
9:09 of 3rd period - Mikael Granlund wins face-off versus Derick Brassard in Predators zone.
9:14 of 3rd period - Wrist shot by Brendan Gallagher.
9:14 of 3rd period - Stopped by Jimmy Howard with a rebound.
9:39 of 3rd period - Snap shot by Ryan Kesler.
9:39 of 3rd period - Shot Misses the Net.
9:53 of 3rd period - Minor Penalty to Ryan Kesler for Interference.
9:54 of 3rd period - Alexander Ovechkin wins face-off versus Derick Brassard in Predators zone.
10:19 of 3rd period - Nate Schmidt is hit by Nathan Horton and loses puck.
10:48 of 3rd period - Matthew Spiller is hit by Brendan Gallagher and loses puck.
11:53 of 3rd period - Penalty to Ryan Kesler is over, Ryan Kesler is back on ice.
12:15 of 3rd period - Niclas Bergfors is hit by Tomas Fleischmann and loses puck.
14:25 of 3rd period - Snap shot by Niclas Bergfors.
14:25 of 3rd period - Stopped by Jimmy Howard with a rebound.
14:27 of 3rd period - Slapshot by Nate Schmidt.
14:27 of 3rd period - Shot Misses the Net.
15:08 of 3rd period - Mike Green is hit by Brendan Gallagher and loses puck.
17:35 of 3rd period - Erik Christensen is hit by Alex Killorn and loses puck.
17:50 of 3rd period - Derick Brassard is hit by Alexander Steen and loses puck.
19:09 of 3rd period - Minor Penalty to Joel Armia for Hooking.
19:10 of 3rd period - Derick Brassard wins face-off versus Alexander Ovechkin in Predators zone.
19:11 of 3rd period - Slapshot by John Carlson.
19:11 of 3rd period - Shot Misses the Net.
19:13 of 3rd period - Wrist shot by Derick Brassard.
19:13 of 3rd period - Shot Misses the Net.
19:17 of 3rd period - Snap shot by Rick Nash.
19:17 of 3rd period - Stopped by Viktor Fasth with a rebound.
19:19 of 3rd period - Wrist shot by John Carlson.
19:19 of 3rd period - Shot Misses the Net.
Goals for this period are 1 for Predators vs 1 for Blackhawks.
Shots for this period are 6 for Predators vs 13 for Blackhawks.
Overtime #1
0:01 of 1st overtime period - Derick Brassard wins face-off versus Andy Miele in neutral zone.
0:04 of 1st overtime period - Snap shot by Mike Green.
0:04 of 1st overtime period - Deflect By Derick Brassard.
0:04 of 1st overtime period - Stopped by Viktor Fasth with a rebound.
0:06 of 1st overtime period - Slapshot by Mike Green.
0:06 of 1st overtime period - Stopped by Viktor Fasth with a rebound.
0:10 of 1st overtime period - Snap shot by Derick Brassard.
0:10 of 1st overtime period - Shot Misses the Net.
0:22 of 1st overtime period - Ryan Mcdonagh is hit by John Carlson and loses puck.
0:37 of 1st overtime period - Andy Miele is hit by Mike Green and loses puck.
0:56 of 1st overtime period - Slapshot by Alexander Ovechkin.
0:56 of 1st overtime period - Stopped by Jimmy Howard without a rebound.
0:57 of 1st overtime period - Derick Brassard wins face-off versus Andy Miele in Blackhawks zone.
1:09 of 1st overtime period - Penalty to Joel Armia is over, Joel Armia is back on ice.
1:24 of 1st overtime period - Wrist shot by Brendan Gallagher.
1:24 of 1st overtime period - Goal by Brendan Gallagher - Predators : 3 - Blackhawks : 2.
Goals for this period are 1 for Predators vs 0 for Blackhawks.
Shots for this period are 2 for Predators vs 2 for Blackhawks.
Back to the Top